 Dungeon Crawl Stone Soup version 0.30-a0-778-g2ef04afb54 (webtiles) character file.

Game seed: 13015713987792413574

6 Esekla the Sneak (level 1, 0/11 HPs)
             Began as a Vine Stalker Delver on Feb 15, 2023.
             Succumbed to a kobold's poison
             ... on level 4 of the Dungeon.
             The game lasted 00:01:09 (81 turns).

Esekla the Sneak (Vine Stalker Delver)                Turns: 81, Time: 00:01:09

Health: 0/11       AC:  3    Str: 14    XL:     1   Next: 90%
Magic:  1/2        EV: 11    Int: 14    God:
Gold:   26         SH:  0    Dex: 15    Spells: 0/0 levels left

rFire   . . .      SeeInvis .    c - +5 falchion of Hepliaklqana's Anger {flame, Int+4}
rCold   . . .      Faith    .    (no shield)
rNeg    . . .      Spirit   +    b - +0 leather armour
rPois   .          Reflect  .    (no helmet)
rElec   .          Harm     .    (no cloak)
rCorr   .          Rampage  .    (no gloves)
Will    .....                    (no boots)
Stlth   +++                      (no amulet)
HPRegen 0.21/turn                (no ring)
MPRegen 0.08/turn                (no ring)

@: lethally poisoned (0 -> -2)
A: fangs 2, magic shield, antimagic bite, no potion heal 2
a: no special abilities


You were on level 4 of the Dungeon.
You visited 1 branch of the dungeon, and saw 3 of its levels.

You collected 26 gold pieces.

Inventory:

Hand Weapons
 a - a +0 falchion
 c - the +5 falchion of Hepliaklqana's Anger (weapon) {flame, Int+4}
   (You found it on level 4 of the Dungeon)

   Int:       It affects your intelligence (+4).
Armour
 b - a +0 leather armour (worn)
Wands
 g - a wand of digging (3)
Scrolls
 e - a scroll of fear
Potions
 f - a potion of haste


   Skills:
 + Level 2.7 Fighting
 + Level 1.9 Long Blades
 + Level 1.6 Dodging
 + Level 6.2 Stealth


You couldn't memorise any spells.
You didn't know any spells.
Your spell library was empty.

Dungeon Overview and Level Annotations

Branches:
Dungeon (6/15)
 Temple: D:4-7

Altars:
The Shining One


Innate Abilities, Weirdness & Mutations

You have extremely sharp teeth.
When hurt, damage is shared between your health and your magic reserves.
Your bite disrupts and absorbs the magic of your enemies.
Potions cannot restore your health.


Message History

You closely miss the goblin. The goblin hits you with a +0 dagger.
The ball python barely misses you. The ball python constricts you.
You hit the ball python. You burn the ball python.
You kill the ball python!
The goblin hits you with a +0 dagger. The goblin hits you but does no damage.
The orc hits you with a +0 club.
You slash the goblin! You burn the goblin.
You kill the goblin!
The orc closely misses you.
You slash the orc! You burn the orc.
You kill the orc!
You start resting.
A kobold comes into view.
It is wielding a +0 short sword and quivering poisoned darts.
You see here a +0 club.
You start resting.
A kobold is nearby!
A dart slug comes into view.
An endoplasm comes into view.
You see here a +0 club.
You start resting.
HP restored.
You see here a +0 dagger.
The kobold shouts!
You hear an angry hiss.
You hear a shout!
The kobold throws a poisoned dart.
The poisoned dart hits you!
You are poisoned.
You feel very sick.
A ball python comes into view.
You feel sick.
The kobold hits you with a +0 short sword.
The ball python hisses angrily.
You slash the kobold! You burn the kobold.
You kill the kobold!
* * * LOW HITPOINT WARNING * * *
You feel sick.
Okay, then.
* * * LOW HITPOINT WARNING * * *
You feel sick.
* * * LOW HITPOINT WARNING * * *
You feel sick.
You die...

..........#.....
.........#........
.###........#........
.....................
.....................
##...................
#..................#
##..>##.........#
..#......@...S....#
#.......)##.......##
.....##...).......##
..... ######.......#
.... #.#......# ...
#......... ...
............###.
.##.##..###.# ##.# .#


You could see a ball python.

Vanquished Creatures
  An orc (D:4)
  A goblin (D:4)
  2 ball pythons (D:4)
  A kobold (D:4)
5 creatures vanquished.

Notes
Turn   | Place    | Note
-------+----------+-------------------------------------------
     0 | D:5      | Esekla the Vine Stalker Delver began the quest for the Orb.
     0 | D:5      | Reached XP level 1. HP: 11/11 MP: 2/2
     8 | D:5      | Found a glowing golden altar of the Shining One.
    27 | D:5      | Noticed an ogre
    35 | D:4      | Identified the +5 falchion of Hepliaklqana's Anger {flame,
                  | Int+4}
    81 | D:4      | Succumbed to a kobold's poison

Illustrated notes

Levels and vault maps discovered:
D:4:      layout_cave_pools, uniq_menkaure, uniq_edmund
D:5:      layout_basic, mainiacjoe_overflow_paths,
          mainiacjoe_overflow_six_doors_small
D:6:      layout_basic, uniq_sigmund

Action                     || total
---------------------------++-------
  Melee: Falchion          ||    10
         Bite              ||     2
    Use: Scroll            ||     2
 Armour: Leather armour    ||     4
  Dodge: Dodged            ||     8

Table legend: (Time is in decaauts)
 A = Elapsed time spent in this place.
 B = Non-inter-level travel time spent in this place.
 C = Inter-level travel time spent in this place.
 D = Time resting spent in this place.
 E = Time spent auto-exploring this place.
 F = Levels seen in this place.
 G = Mean time per level.
                   A        B        C        D        E       F      G
               +--------+--------+--------+--------+--------+-----+--------+
         Total |     82 |     82 |      0 |     11 |      0 |   3 |   27.3 |
       Dungeon |     82 |     82 |      0 |     11 |      0 |   3 |   27.3 |
               +--------+--------+--------+--------+--------+-----+--------+

Top non-repeatable levels by time:
     D:4: 53 daAuts
     D:5: 27 daAuts
     D:6: 1 daAuts
